 Dungeon Crawl Stone Soup version 0.30-a0-782-ge64f9170bb (webtiles) character file.

Game seed: 13488360122088210894

39 Lavandula the Slasher (level 3, 5/29 HPs)
             Began as a Human Monk on Feb 20, 2023.
             Quit the game on level 2 of the Dungeon.
             The game lasted 00:01:49 (1154 turns).

Lavandula the Slasher (Human Monk)                  Turns: 1154, Time: 00:01:50

Health: 5/29       AC:  2    Str: 13    XL:     3   Next: 67%
Magic:  3/3        EV: 13    Int: 10    God:
Gold:   67         SH:  0    Dex: 15    Spells: 2/2 levels left

rFire   . . .      SeeInvis .    a - +0 falchion
rCold   . . .      Faith    .    (no shield)
rNeg    . . .      Spirit   .    b - +0 robe
rPois   .          Reflect  .    (no helmet)
rElec   .          Harm     .    (no cloak)
rCorr   .          Rampage  .    (no gloves)
Will    .....                    (no boots)
Stlth   ++                       (no amulet)
HPRegen 0.24/turn                f - ring of flight
MPRegen 0.08/turn                (no ring)

@: flying
A: no striking features
a: no special abilities


You were on level 2 of the Dungeon.
You visited 1 branch of the dungeon, and saw 2 of its levels.

You collected 67 gold pieces.

Inventory:

Hand Weapons
 a - a +0 falchion (weapon)
Missiles
 i - 2 poisoned darts (quivered)
Armour
 b - a +0 robe (worn)
Jewellery
 f - a ring of flight (left hand)
Scrolls
 e - a scroll of vulnerability {unknown}
 g - a scroll of poison {unknown}
 h - a scroll of identify {unknown}
Potions
 d - a potion of flight


   Skills:
 - Level 3.0 Fighting
 + Level 4.4 Long Blades
 - Level 3.0 Dodging
 - Level 2.0 Stealth


You had 2 spell levels left.
You didn't know any spells.
Your spell library contained the following spells:

 Spells                   Type           Power      Damage    Failure   Level
 Sting                    Tmut/Pois      0%         1d3       36%         1
 Poisonous Vapours        Pois/Air       0%         N/A       50%         2
 Inner Flame              Hex/Fire       0%         N/A       75%         3
 Flame Wave               Conj/Fire      0%         2d4       98%         4
 Olgreb's Toxic Radiance  Pois           0%         N/A       98%         4
 Sticky Flame             Conj/Fire      0%         2d3       98%         4


Dungeon Overview and Level Annotations

Branches:
Dungeon (2/15)

Altars:

Annotations:
D:2 Robin


Message History

Robin throws the goblin at you! The goblin hits you with a +0 club.
You slash the goblin!
You kill the goblin!
Robin throws the goblin at you! The goblin misses you.
The goblin hits you with a +0 dagger.
A hobgoblin comes into view. x2
You closely miss the goblin. The goblin closely misses you.
The hobgoblin hits you. The goblin closely misses you.
You closely miss the goblin. The goblin hits you with a +0 club.
The hobgoblin closely misses you. The goblin hits you with a +0 dagger.
Robin roars a battlecry!
The goblins go into a battle-frenzy!
You closely miss the goblin. The goblin completely misses you.
The goblin closely misses you.
You hit the goblin but do no damage. The goblin closely misses you.
The goblin barely misses you. The hobgoblin misses you.
You hit the goblin but do no damage. The goblin closely misses you.
The hobgoblin hits you. The goblin hits you but does no damage.
You closely miss the goblin. The goblin hits you but does no damage.
The goblin closely misses you.
You hit the goblin.
The goblin is moderately wounded.
The goblin barely misses you. The hobgoblin misses you. The goblin misses you.
The goblin closely misses you. The hobgoblin hits you. The goblin misses you.
You hit the goblin.
You kill the goblin!
The goblin hits you with a +0 club.
* * * LOW HITPOINT WARNING * * *
The hobgoblin attacks as you move away! The hobgoblin misses you.
Robin throws the goblin at you!
Things that are here:
a +0 dagger; a +0 club; a goblin corpse
Okay, then.
Sorry, you're not good enough to have a special ability.
Unknown command.
Throw: 2 darts (poison)
Press: ? - help, Q - select action Shift-Dir - straight line, f - goblin
Aim: a goblin, wielding a +0 club (strong, 51% to hit)
Okay, then.
Are you sure you want to abandon this character and quit the game? (Confirm with "yes".)

..#......# .. .#
#.#.###### #.# ..
#.#.# ... . ###
#...# #...# ..##
##.## #g#g
#.#####.# #.##ggg
#.......#
#...gg.###.#.#####
#.ggg@g...#
#.#########


You could see Robin, 4 hobgoblins and 4 goblins.

Vanquished Creatures
  An adder (D:2)
  A ball python (D:2)
  5 endoplasms
  6 goblins
  A hobgoblin (D:2)
  4 jackals (D:2)
  5 kobolds
  3 rats
26 creatures vanquished.

Vanquished Creatures (others)
  A plant (D:1)
1 creature vanquished.

Grand Total: 27 creatures vanquished

Notes
Turn   | Place    | Note
-------+----------+-------------------------------------------
     0 | D:1      | Lavandula the Human Monk began the quest for the Orb.
     0 | D:1      | Reached XP level 1. HP: 18/18 MP: 1/1
   107 | D:1      | Found a faded altar of an unknown god.
   329 | D:1      | Reached XP level 2. HP: 24/24 MP: 2/2
   762 | D:2      | Reached skill level 4 in Long Blades
   762 | D:2      | Reached XP level 3. HP: 21/29 MP: 3/3
  1141 | D:2      | Noticed Robin
  1154 | D:2      | Quit the game

Illustrated notes

Levels and vault maps discovered:
D:1:      beargit_arrival_diablo_church, layout_basic, serial_forest,
          infiniplex_forest_straight_3, infiniplex_forest_lined_2,
          infiniplex_forest_zigzag_1, infiniplex_forest_clump_cross,
          infiniplex_forest_pool, shapermc_ecumenical_altar_mp_ritualfount
D:2:      layout_loops_corners, item_on_display_a, uniq_robin

Skill      XL: |  1  2 |
---------------+-------+-----
Long Blades    | 4 |  4.4
Fighting       | |  3.0
Dodging        | |  3.0
Stealth        | |  2.0

Action                     || total
---------------------------++-------
  Melee: Falchion          ||    94
    Use: Potion            ||     2
   Stab: Sleeping          ||     5
 Armour: Robe              ||    19
  Dodge: Dodged            ||    73

Table legend: (Time is in decaauts)
 A = Elapsed time spent in this place.
 B = Non-inter-level travel time spent in this place.
 C = Inter-level travel time spent in this place.
 D = Time resting spent in this place.
 E = Time spent auto-exploring this place.
 F = Levels seen in this place.
 G = Mean time per level.
                   A        B        C        D        E       F      G
               +--------+--------+--------+--------+--------+-----+--------+
         Total |   1163 |   1145 |     18 |    141 |    791 |   2 |  581.5 |
       Dungeon |   1163 |   1145 |     18 |    141 |    791 |   2 |  581.5 |
               +--------+--------+--------+--------+--------+-----+--------+

Top non-repeatable levels by time:
     D:1: 694 daAuts
     D:2: 468 daAuts
